 Dungeon Crawl Stone Soup version 0.28.0-1-gb440e238dd (webtiles) character file.

Game seed: 2437466615480691083

78 a3don the Sneak (level 4, 0/40 HPs)
             Began as a Deep Dwarf Brigand on Feb 21, 2022.
             Slain by Ijyb (2 damage)
             ... on level 3 of the Dungeon.
             The game lasted 00:02:18 (1507 turns).

a3don the Sneak (Deep Dwarf Brigand)                Turns: 1507, Time: 00:02:18

Health: 0/40       AC:  5    Str: 15    XL:     4   Next: 15%
Magic:  3/3        EV: 12    Int: 13    God:
Gold:   67         SH:  0    Dex: 14    Spells: 3/3 levels left

rFire   . . .      SeeInvis .   g - +0 spear
rCold   . . .      Faith    .   (no shield)
rNeg    . . .      Spirit   .   b - +0 robe
rPois   .          Reflect  .   (no helmet)
rElec   .          Harm     .   c - +0 cloak
rCorr   .          Rampage  .   i - +0 pair of gloves
Will    .....                   f - +0 pair of boots
Stlth   +++.......              (no amulet)
HPRegen 0.00/turn               (no ring)
MPRegen 0.08/turn               (no ring)

@: no status effects
A: damage resistance, heal wounds, sense surroundings 1, no regeneration
a: Heal Wounds


You were on level 3 of the Dungeon.
You visited 1 branch of the dungeon, and saw 3 of its levels.

You collected 67 gold pieces.

Inventory:

Hand Weapons
 a - a +2 dagger
 g - a +0 spear (weapon)
 j - a +2 whip of pain
Missiles
 d - 4 poisoned darts (quivered)
 e - 2 curare-tipped darts
Armour
 b - a +0 robe (worn)
 c - a +0 cloak (worn)
 f - a +0 pair of boots (worn)
 i - a +0 pair of gloves (worn)
Scrolls
 h - a scroll of identify {unknown}
 l - a scroll of amnesia {unknown}
 m - a scroll of teleportation {unknown}
Potions
 k - 2 potions of mutation {unknown}


   Skills:
 + Level 2.3 Fighting
 + Level 2.3 Short Blades
 + Level 2.4 Throwing
 + Level 2.1 Dodging
 + Level 5.3 Stealth


You had 3 spell levels left.
You didn't know any spells.
Your spell library was empty.

Dungeon Overview and Level Annotations

Branches:
Dungeon (3/15)

Altars:
Cheibriados

Annotations:
D:3 Ijyb


Innate Abilities, Weirdness & Mutations

You are resistant to damage.
You can heal yourself by infusing magical energy.
You passively map a small area around you.
You do not regenerate.


Message History

You closely miss the ball python. The ball python bites you.
The ball python constricts you.
You hit the ball python.
The ball python is severely wounded.
The ball python bites you. The ball python constricts you.
The ball python bites you. The ball python constricts you.
You hit the ball python.
You kill the ball python!
No target in view!
No target in view!
Search for what [? for help]? armor Ijyb and an endoplasm come into view.
Ijyb is wielding a +0 dagger and carrying a wand of acid (10).
Found 24 bolts.
There are monsters nearby!
You aren't carrying any items that you can evoke.
Okay, then.
You throw a poisoned dart. The poisoned dart hits Ijyb.
Ijyb is poisoned.
Ijyb shouts!
The endoplasm quivers.
You throw a poisoned dart. The poisoned dart barely misses Ijyb.
The poisoned dart hits the endoplasm.
Ijyb zaps a wand.
The bolt of acid misses you.
You throw a poisoned dart. The poisoned dart hits Ijyb.
Ijyb is moderately wounded.
Ijyb looks more healthy.
Ijyb screams, "No!
No, no, no, no!"
You throw a poisoned dart. The poisoned dart closely misses Ijyb.
The poisoned dart hits the endoplasm.
You closely miss Ijyb.
Ijyb is moderately wounded.
Ijyb hits you but does no damage.
Ijyb zaps a wand.
The bolt of acid hits you!!!
Ouch! That really hurt!
* * * LOW HITPOINT WARNING * * *
You are too injured to fight recklessly!
You are too injured to fight recklessly!
You fail to use your ability.
Ijyb hits you but does no damage.
You fail to use your ability.
Ijyb hits you with a +0 dagger.
You die...

#.# #########.##### ,
#.............# *
#.#######.###.# ####.#
#.# #.# #...<# #.# #.# *
....###### #.# #.#
#.#......# #.# #.#
#.######.# #.# #@#
#.#### #.# #.# #g#
.....# #.# #J# *,
#.##.###.###.# #.# *
#.##.#.......# #(.......
<....#...#######.(......
###..................(..
# ##.#.#########......J(
, # #.#.# #........


You could see Ijyb and an endoplasm.

Vanquished Creatures
  3 gnolls (D:2)
  An adder (D:3)
  A dart slug (D:1)
  6 endoplasms
  A giant cockroach (D:3)
  3 goblins
  4 hobgoblins (D:1)
  2 kobolds (D:1)
  3 quokkas (D:1)
  4 ball pythons
  A bat (D:1)
  A frilled lizard (D:1)
  7 rats
37 creatures vanquished.

Notes
Turn   | Place    | Note
-------+----------+-------------------------------------------
     0 | D:1      | a3don the Deep Dwarf Brigand began the quest for the Orb.
     0 | D:1      | Reached XP level 1. HP: 19/19 MP: 1/1
    97 | D:1      | Reached XP level 2. HP: 10/26 MP: 2/2
   371 | D:1      | Reached skill level 5 in Stealth
   646 | D:1      | Reached XP level 3. HP: 32/32 MP: 3/3
  1232 | D:2      | Found a snail-covered altar of Cheibriados.
  1306 | D:3      | Reached XP level 4. HP: 38/40 MP: 3/3
  1494 | D:3      | Noticed Ijyb
  1505 | D:3      | HP: 2/40 [Ijyb/bolt of acid (34)]
  1507 | D:3      | Slain by Ijyb

Illustrated notes

Levels and vault maps discovered:
D:1:      scummos_arrival_star, layout_basic
D:2:      layout_basic, basic_altar
D:3:      layout_loops_ring, old_standard_altar,
          shapermc_ecumenical_altar_ellora, corexii_shack, uniq_ijyb

Skill      XL: |  1  2  3 |
---------------+----------+-----
Fighting       | 2 |  2.3
Stealth        | 5 |  5.3
Short Blades   | 2 |  2.3
Throwing       | 2 |  2.4
Dodging        | 2 |  2.1

Action                   |  1- 3 |  4- 6 || total
-------------------------+-------+-------++-------
Melee: Dagger            |    41 |       ||    41
       Spear             |    81 |    11 ||    92
       Punch             |     1 |       ||     1
Throw: Dart              |     1 |     4 ||     5
 Abil: Heal Wounds       |     4 |       ||     4
 Stab: Sleeping          |     5 |     2 ||     7
       Distracted        |     1 |       ||     1
Armor: Robe              |    29 |     5 ||    34
Dodge: Dodged            |    57 |     4 ||    61
